 Dungeon Crawl Stone Soup version 0.29-a0-330-g52719c12eb (webtiles) character file.

Game seed: 69471161139237362

94 Aelig the Cudgeller (level 4, -5/35 HPs)
             Began as a Mummy Fighter on May 15, 2022.
             Killed from afar by an orc wizard (13 damage)
             ... with a puff of flame
             ... on level 2 of the Dungeon.
             The game lasted 00:04:14 (3207 turns).

Aelig the Cudgeller (Mummy Fighter)                 Turns: 3207, Time: 00:04:15

Health: -5/35      AC: 11    Str: 21    XL:     4   Next: 38%
Magic:  4/4        EV:  9    Int:  7    God:
Gold:   52         SH:  0    Dex: 11    Spells: 3/3 levels left

rFire   . . .      SeeInvis .   a - +0 flail
rCold   . . .      Faith    .   c - +0 buckler
rNeg    + + +      Spirit   .   b - +0 scale mail
rPois   ∞          Reflect  .   (no helmet)
rElec   .          Harm     .   d - +0 cloak
rCorr   .          Rampage  .   (no gloves)
Will    .....                   (no boots)
Stlth   ..........              (no amulet)
HPRegen 0.11/turn               h - ring of fire
MPRegen 0.09/turn               m - +4 ring of protection

@: confused
A: cold resistance 1, negative energy resistance 3, torment resistance 2, heat
vulnerability 1, in touch with death 1, no potions
a: no special abilities


You were on level 2 of the Dungeon.
You visited 1 branch of the dungeon, and saw 3 of its levels.

You collected 52 gold pieces.

Inventory:

Hand Weapons
 a - a +0 flail (weapon)
Missiles
 k - 11 stones (quivered)
Armour
 b - a +0 scale mail (worn)
 c - a +0 buckler (worn)
 d - a +0 cloak (worn)
Jewellery
 h - a ring of fire (left hand)
 m - a +4 ring of protection (right hand)
Scrolls
 e - 2 scrolls of teleportation {unknown}
 f - 3 scrolls of immolation
 g - a scroll of fear {unknown}
 i - a scroll of identify {unknown}
 j - a scroll of holy word {unknown}
 l - a scroll of enchant weapon {unknown}


   Skills:
 - Level 3.0 Fighting
 + Level 3.9 Maces & Flails
 - Level 2.4 Armour
 - Level 2.4 Shields


You had 3 spell levels left.
You didn't know any spells.
Your spell library was empty.

Dungeon Overview and Level Annotations

Branches:
Dungeon (3/15)

Altars:


Innate Abilities, Weirdness & Mutations

You are immune to poison.
Your flesh is cold resistant. (rC+)
You are immune to negative energy. (rN+++)
You are immune to unholy pain and torment.
You are vulnerable to heat. (rF-)
You are in touch with the powers of death.
You do not drink.


Message History

A magic dart appears from out of thin air!
The magic dart hits you.
You barely miss something. Something hits you but does no damage.
You miss something. Something hits you but does no damage.
You hear some strange, mumbled words.
A magic dart appears from out of thin air!
The magic dart hits you!
You barely miss something. Something hits you.
You miss something. Something hits you but does no damage.
You sock something!
You hear some strange, mumbled words.
You are confused.
You miss something.
You hear some strange, mumbled words.
A magic dart appears from out of thin air!
The magic dart hits you!
* * * LOW HITPOINT WARNING * * *
You hear some strange, mumbled words.
Something tries to affect you, but you resist.
A magic dart appears from out of thin air!
The magic dart hits you.
* * * LOW HITPOINT WARNING * * *
You're too confused to move!
You bump into the rock wall.
You hear some strange, mumbled words.
You are more confused.
You miss something.
You hear some strange, mumbled words.
You are more confused.
You're too confused to move!
Something completely misses you. Something hits you but does no damage.
You miss something.
You hear some strange, mumbled words.
A magic dart appears from out of thin air!
The magic dart hits you but does no damage.
You completely miss something.
You hear some strange, mumbled words.
A puff of flame appears from out of thin air!
The puff of flame hits you!
You die...

#......''...........## #....
#......##...........# #....
#......##...........# #....
#......##.........#######..>.
#......##...............#....
###+#####...............#....
#............####.......#....
#............#..........#....
#...........@#.......####....
###....#####.{...>.!.........
#....# ###..[...)........
#....#######...............
#.........##...............
###
######.....#............###
#<# #...#.....#............#
#.# #.#.#.....#............#
#.# #.#.#.............######
#


There were no monsters in sight!

Vanquished Creatures
  An orc priest (D:2)
  An adder (D:2)
  A worm (D:2)
  3 dart slugs
  An orc (D:2)
  4 ball pythons
  11 endoplasms
  A giant cockroach (D:2)
  3 hobgoblins
  6 kobolds
  2 quokkas (D:1)
  4 bats
  3 frilled lizards (D:1)
  4 rats
45 creatures vanquished.

Notes
Turn   | Place    | Note
-------+----------+-------------------------------------------
     0 | D:1      | Aelig the Mummy Fighter began the quest for the Orb.
     0 | D:1      | Reached XP level 1. HP: 18/18 MP: 1/1
   459 | D:1      | Reached XP level 2. HP: 21/24 MP: 2/2
  1626 | D:2      | Gained mutation: You are in touch with the powers of death.
                  | [Mummy growth]
  1626 | D:2      | Reached XP level 3. HP: 11/29 MP: 3/3
  1868 | D:2      | Found a faded altar of an unknown god.
  3065 | D:2      | Reached XP level 4. HP: 34/35 MP: 4/4
  3207 | D:2      | Killed from afar by an orc wizard

Illustrated notes

Levels and vault maps discovered:
D:1:      roderic_octagonal_star, layout_basic
D:2:      layout_basic, hellmonk_ecumenical_altar_blasted
D:3:      layout_loops_ring, chei_slow_surprise,
          amcnicky_mini_rare_corridor_liquid, uniq_crazy_yiuf_cottage,
          uniq_pargi

Skill      XL: |  1  2  3 |
---------------+----------+-----
Maces & Flails | 2 3 |  3.9
Fighting       | |  3.0
Armour         | |  2.4
Shields        | |  2.4

Action                   |  1- 3 |  4- 6 || total
-------------------------+-------+-------++-------
Melee: Flail             |   155 |    18 ||   173
Armor: Scale mail        |    58 |    10 ||    68
Dodge: Dodged            |    69 |     5 ||    74
Block: Buckler           |    35 |     2 ||    37

Table legend: (Time is in decaauts)
 A = Elapsed time spent in this place.
 B = Non-inter-level travel time spent in this place.
 C = Inter-level travel time spent in this place.
 D = Time resting spent in this place.
 E = Time spent auto-exploring this place.
 F = Levels seen in this place.
 G = Mean time per level.
                   A        B        C        D        E       F      G
               +--------+--------+--------+--------+--------+-----+--------+
         Total |   3262 |   3157 |    105 |   1307 |   1286 |   3 | 1087.3 |
       Dungeon |   3262 |   3157 |    105 |   1307 |   1286 |   3 | 1087.3 |
               +--------+--------+--------+--------+--------+-----+--------+

Top non-repeatable levels by time:
     D:1: 1822 daAuts
     D:2: 1409 daAuts
     D:3: 31 daAuts
